 Dungeon Crawl Stone Soup version 0.30-a0-570-g486de37d69 (webtiles) character file.

Game seed: 13052717396065908994

9928 Ijustatesigmund the Cleaver (level 11, 0/72 HPs)
             Began as a Hill Orc Fighter on Dec 29, 2022.
             Was a Follower of Uskayaw.
             Killed from afar by an apocalypse crab (4 damage)
             ... with a blast of chaos
             ... on level 2 of the Abyss.
             The game lasted 00:09:43 (8205 turns).

Ijustatesigmund the Cleaver (Hill Orc Fighter)      Turns: 8205, Time: 00:09:44

Health: 0/72       AC: 16    Str: 23 (24) XL:     11   Next: 54%
Magic:  13/16      EV:  8    Int:  7 (8)  God:    Uskayaw [*.....]
Gold:   503        SH:  6    Dex: 10      Spells: 10/10 levels left

rFire   . . .      SeeInvis .    a - +1 war axe (spect)
rCold   . . .      Faith    .    c - +1 buckler
rNeg    . . .      Spirit   .    b - +0 chain mail
rPois   .          Reflect  .    (no helmet)
rElec   .          Harm     .    (no cloak)
rCorr   .          Rampage  .    i - +1 pair of gloves
Will    .....                    (no boots) Stlth
                                 (no amulet)
HPRegen 0.32/turn                (no ring)
MPRegen 0.15/turn                (no ring)

@: about to teleport, hasted and slowed, unable to drink
A: iridescent scales 1, deterioration 1[+1], [frail 3], [screaming 2],
[inability to drink after injury 2]
a: Renounce Religion, Stomp


You were on level 2 of the Abyss.
You worshipped Uskayaw.
Uskayaw was noncommittal.
You visited 2 branches of the dungeon, and saw 10 of its levels.
You visited the Abyss 1 time.

You collected 593 gold pieces.
You spent 90 gold pieces at shops.

Inventory:

Hand Weapons
 a - a +1 spectral war axe (weapon)
Missiles
 B - 2 throwing nets (quivered)
Armour
 b - a +0 chain mail (worn)
 c - a +1 buckler (worn)
 i - a +1 pair of gloves (worn)
Jewellery
 f - a +6 ring of intelligence
 A - a ring of flight
Wands
 u - a wand of iceblast (2)
 x - a wand of charming (7)
 D - a wand of digging (9)
Scrolls
 k - 6 scrolls of teleportation
 o - a scroll of noise
 p - 3 scrolls of poison
 q - a scroll of brand weapon
 r - 3 scrolls of silence
 v - 2 scrolls of immolation
 y - 2 scrolls of identify
 C - 2 scrolls of blinking {unknown}
Potions
 d - a potion of cancellation
 e - a potion of magic
 g - 2 potions of brilliance
 h - a potion of ambrosia
 j - 2 potions of curing
 l - 3 potions of heal wounds
 m - a potion of invisibility
 n - 3 potions of attraction
 s - a potion of berserk rage
 t - 2 potions of flight
 w - a potion of lignification {unknown}
 z - a potion of might
 E - a potion of degeneration {unknown}


   Skills:
 - Level 12.1 Fighting
 - Level 12.8 Axes
 - Level 10.1 Armour
 + Level 6.7 Shields
 + Level 6.8 Invocations


You had 10 spell levels left.
You didn't know any spells.
Your spell library contained the following spells:

 Spells                   Type           Power      Damage    Failure   Level
 Shock                    Conj/Air       0%         1d3       97%         1
 Swiftness                Air            0%         N/A       100%        3
 Airstrike                Air            0%         2d(0-16)  100%        4


Dungeon Overview and Level Annotations

Branches:
Dungeon (9/15)             Temple (1/1) D:5            Lair (0/5) D:9
    Orc: D:9-12

Altars:
Ashenzari
Cheibriados
Dithmenos
Elyvilon
Fedhas
Gozag
Hepliaklqana
Kikubaaqudgha
Makhleb
Nemelex Xobeh
Okawaru
Qazlal
Sif Muna
Trog
Uskayaw
Vehumet
Wu Jian
Xom
Yredelemnul
Zin

Shops:
D:6 ?   D:7 (

Annotations:
D:9 Erolcha


Innate Abilities, Weirdness & Mutations

You are partially covered in iridescent scales. (AC +2)
[Your body often deteriorates upon taking damage.]
[You are extremely frail. (-30% HP)]
[You frequently scream uncontrollably at your foes.]
[You sometimes lose the ability to drink potions when taking damage.]


Message History

You cannot drink potions in your current state!
Unknown command.
You bump into the stone wall.
The apocalypse crab bites you.
The apocalypse crab claws you but does no damage.
A starcursed mass splits.
You bump into the stone wall.
The apocalypse crab bites you but does no damage.
The apocalypse crab barely misses you. A chorus of shrieks assaults your mind.
* * * LOW HITPOINT WARNING * * *
Your body deteriorates!
You feel weakened.
You hit the apocalypse crab but do no damage.
A starcursed mass splits.
You hit the apocalypse crab.
The apocalypse crab is lightly wounded.
The apocalypse crab closely misses you. The apocalypse crab claws you.
* * * LOW HITPOINT WARNING * * *
A chorus of shrieks assaults your mind.
* * * LOW HITPOINT WARNING * * *
You feel less confused.
You cannot drink potions in your current state!
As you read the scroll of teleportation, it crumbles to dust.
You feel strangely unstable.
You feel the power of the Abyss delaying your translocation!
The apocalypse crab closely misses you.
The apocalypse crab claws you but does no damage.
A lich comes into view.
The lich shouts!
A starcursed mass splits. x2
A starcursed mass splits.
The lich points at you and mumbles some strange words.
You feel yourself slow down.
You can no longer pass through a line of other dancers.
A rakshasa comes into view.
It is wielding a +0 long sword of electrocution.
The rakshasa blinks!
A deafening chorus of shrieks assaults your mind!
* * * LOW HITPOINT WARNING * * *
The apocalypse crab breathes chaos at you.
The blast of chaos engulfs you.
You die...

.. ##. .. #.. ##.
...#..# . #.#...#
.# . #.#..###.
.ยง..###.#.....# .
#...@.##.# .. .
##.##...## #..# . #
.. ..##....##..# #
# . ..# #.#.X.L.#.
# # ##..####.#...#
# # . .#.#
.#.##..XtXX#..#. ..
.#.####.........#.#
. .. ##.
##.#X##.X...# .
......#
##.#..#.X...#


You could see 6 starcursed masses, a lich and an apocalypse crab.

Vanquished Creatures
  Gastronok (D:8)
  A two-headed ogre (D:9)
  A wretched star (Abyss:2)
  A large abomination (Abyss:2)
  Pikel (D:7)
  2 kobold demonologists (D:5)
  Psyche (D:8)
  A troll (D:9)
  Prince Ribbit (D:7)
  5 yaks (D:9)
  A basilisk (D:9)
  A steam dragon (D:8)
  3 wyverns
  8 water moccasins
  An orc warrior (D:8)
  2 ice beasts
  A black bear (D:7)
  3 ogres
  2 centaurs
  3 lemures (D:7)
  3 phantoms
  3 bullfrogs
  7 kobold brigands
  A necrophage (D:7)
  4 scorpions
  8 wights
  4 howler monkeys
  A quasit (Abyss:2)
  A gnoll bouda (D:8)
  5 hounds
  4 orc priests
  A jelly (D:5)
  6 iguanas
  3 orc wizards
  7 adders
  4 gnolls (D:8)
  2 shadow imps (D:4)
  2 white imps
  2 ufetubi (D:7)
  2 worms
  4 dart slugs
  20 orcs
  7 ball pythons
  8 bats
  6 endoplasms
  5 giant cockroaches
  4 goblins
  4 hobgoblins
  8 jackals
  5 quokkas
  4 frilled lizards
  19 kobolds
  7 rats
  A rat zombie (D:7)
212 creatures vanquished.

Vanquished Creatures (others)
  An orc wizard (D:4)
  2 plants (D:9)
3 creatures vanquished.

Grand Total: 215 creatures vanquished

Notes
Turn   | Place    | Note
-------+----------+-------------------------------------------
     0 | D:1      | Ijustatesigmund the Hill Orc Fighter began the quest for
                  | the Orb.
     0 | D:1      | Reached XP level 1. HP: 19/19 MP: 1/1
    75 | D:1      | Reached XP level 2. HP: 23/27 MP: 2/2
   369 | D:1      | Reached XP level 3. HP: 33/34 MP: 3/3
   912 | D:2      | Reached XP level 4. HP: 38/41 MP: 4/4
  1256 | D:2      | Found a faded altar of an unknown god.
  1819 | D:3      | Reached skill level 5 in Fighting
  2125 | D:3      | Reached skill level 5 in Axes
  2128 | D:3      | Reached XP level 5. HP: 47/48 MP: 5/5
  2390 | D:4      | Noticed a phantom
  2397 | D:4      | Killed a phantom
  2398 | D:4      | Reached XP level 6. HP: 55/58 MP: 6/6
  2429 | D:4      | Found a bloodstained altar of Trog.
  3087 | D:4      | Reached XP level 7. HP: 35/64 MP: 7/7
  3468 | D:5      | Entered Level 5 of the Dungeon
  3714 | D:5      | Found an iron altar of Okawaru.
  3747 | D:5      | Noticed a kobold demonologist
  3749 | D:5      | Found a staircase to the Ecumenical Temple.
  3751 | D:5      | Noticed a kobold demonologist
  3758 | D:5      | Noticed an ice devil
  3761 | D:5      | Noticed an ice devil
  3762 | D:5      | Noticed a ynoxinul
  3768 | D:5      | Killed a kobold demonologist
  3769 | D:5      | Reached skill level 5 in Armour
  3769 | D:5      | Reached XP level 8. HP: 32/74 MP: 8/8
  3775 | D:5      | Noticed a hellwing
  3781 | D:5      | Killed a kobold demonologist
  3815 | Temple   | Entered the Ecumenical Temple
  4356 | D:6      | Reached XP level 9. HP: 83/83 MP: 9/9
  4419 | D:6      | Found a shadowy altar of Dithmenos.
  4455 | D:6      | Found Kauqell's Magic Scroll Emporium.
  4463 | D:6      | Bought a scroll of identify for 30 gold pieces
  4463 | D:6      | Bought a scroll of identify for 30 gold pieces
  4463 | D:6      | Bought a scroll of identify for 30 gold pieces
  4613 | D:6      | Found a hazy altar of Hepliaklqana.
  4754 | D:6      | Gained mutation: [Your body sometimes deteriorates upon
                  | taking damage.] [potion of mutation]
  4754 | D:6      | Gained mutation: You have large cloven feet. [potion of
                  | mutation]
  4755 | D:6      | Lost mutation: You have large cloven feet. [potion of
                  | mutation]
  4755 | D:6      | Lost mutation: [Your body sometimes deteriorates upon
                  | taking damage.] [potion of mutation]
  4755 | D:6      | Gained mutation: You are weak. (Str -2) [potion of
                  | mutation]
  4755 | D:6      | Gained mutation: [You are frail. (-10% HP)] [potion of
                  | mutation]
  4984 | D:6      | You fall into a shaft and drop 1 floor!
  4992 | D:7      | Noticed Prince Ribbit
  4999 | D:7      | Killed Prince Ribbit
  5000 | D:7      | Reached skill level 10 in Axes
  5053 | D:7      | Noticed Pikel
  5074 | D:7      | Killed Pikel
  5075 | D:7      | Reached skill level 10 in Fighting
  5796 | D:7      | Found Cynuh's Weapon Emporium.
  6001 | D:7      | Reached XP level 10. HP: 73/84 MP: 10/10
  6226 | D:7      | Found a basalt altar of Yredelemnul.
  6528 | D:7      | Found an ancient bone altar of Kikubaaqudgha.
  6817 | D:8      | Noticed Gastronok
  6826 | D:8      | Killed Gastronok
  6991 | D:8      | Lost mutation: You are weak. (Str -2) [potion of mutation]
  6991 | D:8      | Lost mutation: [You are frail. (-10% HP)] [potion of
                  | mutation]
  6991 | D:8      | Gained mutation: [Your body sometimes deteriorates upon
                  | taking damage.] [potion of mutation]
  6991 | D:8      | Gained mutation: You are partially covered in iridescent
                  | scales. (AC +2) [potion of mutation]
  7479 | D:8      | Noticed Psyche
  7484 | D:8      | Killed Psyche
  7485 | D:8      | Reached skill level 10 in Armour
  7690 | D:8      | Found a hide-covered altar of Uskayaw.
  7713 | D:8      | Became a worshipper of Uskayaw the Reveller
  7928 | D:9      | Noticed a two-headed ogre
  7934 | D:9      | Reached * piety under Uskayaw
  7935 | D:9      | Killed a two-headed ogre
  7936 | D:9      | Reached XP level 11. HP: 99/104 MP: 10/13
  7976 | D:9      | Reached ** piety under Uskayaw
  7978 | D:9      | Reached *** piety under Uskayaw
  7980 | D:9      | Reached skill level 5 in Shields
  7980 | D:9      | Reached **** piety under Uskayaw
  7984 | D:9      | Reached ***** piety under Uskayaw
  7985 | D:9      | Found a staircase to the Lair.
  7987 | D:9      | Reached skill level 5 in Invocations
  7994 | D:9      | Reached ****** piety under Uskayaw
  8024 | D:9      | Noticed Erolcha
  8029 | Abyss:2  | Cast into level 2 of the Abyss (Erolcha)
  8037 | Abyss:2  | Noticed a large abomination
  8043 | Abyss:2  | Killed a large abomination
  8129 | Abyss:2  | Found a corrupted altar of Lugonu.
  8146 | Abyss:2  | Noticed a wretched star
  8160 | Abyss:2  | Killed a wretched star
  8181 | Abyss:2  | Noticed a starcursed mass
  8186 | Abyss:2  | Noticed a starcursed mass
  8201 | Abyss:2  | Noticed a lich
  8204 | Abyss:2  | Noticed a rakshasa
  8205 | Abyss:2  | Killed from afar by an apocalypse crab

Illustrated notes

Levels and vault maps discovered:
D:1:      amcnicky_arrival_blooded_trapdoor, layout_rooms
D:2:      layout_basic, dreamdust_ecumenical_altar_hidden_monk_grotto
D:3:      layout_rooms, st_stairs_3
D:4:      layout_cave_pods, trog_butcher_becter, st_stairs_14
D:5:      layout_loops_ring, mainiacjoe_overflow_small_starburst,
          minmay_temple_entry_waves
D:6:      layout_loops_ring, mainiacjoe_overflow_concentric_impassable,
          general_overflow_altar, serial_shops, nicolae_shop_crystal,
          grunt_decor_mini_mirrors
D:7:      minmay_octagon_keep, layout_basic, lemuel_zombie_altar_kikubaaqudgha,
          kennysheep_little_box, serial_shops, shop, corexii_corridor_pit,
          hex_large, uniq_pikel, uniq_prince_ribbit1
D:8:      layout_basic, nicolae_uskayaw_dance_studio, uniq_gastronok,
          uniq_psyche
D:9:      layout_irregular_city, kennysheep_mini_moat,
          nicolae_tso_swordbearing_angel, minmay_lair_entry_grove, orc_0_dummy,
          uniq_erolcha
Temple:   cyrus_circular_temple
Abyss:2:  base:
D:5

Skill      XL: |  1  2  3  4  5  6  7  8  9 10 11 |
---------------+----------------------------------+-----
Axes           | 3 4 5 6 8 9 11 12 | 12.8
Fighting       | 4 5 6 8 9 10 12 | 12.1
Armour         | 5 6 8 10 | 10.1
Shields        | 4 6 |  6.7
Invocations    | 3 6 |  6.8

Action                   |  1- 3 |  4- 6 |  7- 9 | 10-12 || total
-------------------------+-------+-------+-------+-------++-------
Melee: War axe           |    91 |   119 |   159 |   156 ||   525
  Use: Scroll            |     3 |     7 |     8 |     7 ||    25
       Potion            |     1 |       |     6 |     1 ||     8
 Stab: Distracted        |       |       |     1 |       ||     1
       Paralysed         |       |       |       |     6 ||     6
Armor: Scale mail        |    51 |    45 |       |       ||    96
       Chain mail        |       |    16 |    78 |    53 ||   147
Dodge: Dodged            |    45 |    39 |    53 |    35 ||   172
Block: Buckler           |    15 |    16 |    30 |    24 ||    85

Table legend: (Time is in decaauts)
 A = Elapsed time spent in this place.
 B = Non-inter-level travel time spent in this place.
 C = Inter-level travel time spent in this place.
 D = Time resting spent in this place.
 E = Time spent auto-exploring this place.
 F = Levels seen in this place.
 G = Mean time per level.
                   A        B        C        D        E       F      G
               +--------+--------+--------+--------+--------+-----+--------+
         Total |   8274 |   7877 |    397 |    287 |   6374 |  11 |  752.2 |
       Dungeon |   7952 |   7564 |    388 |    287 |   6114 |   9 |  883.6 |
        Temple |    153 |    144 |      9 |      0 |    135 |   1 |  153.0 |
         Abyss |    169 |    169 |      0 |      0 |    125 |   1 |  169.0 |
               +--------+--------+--------+--------+--------+-----+--------+

Top non-repeatable levels by time:
     D:7: 1469 daAuts
     D:8: 1315 daAuts
     D:2: 1298 daAuts
     D:4: 1195 daAuts
     D:6: 795 daAuts
     D:5: 736 daAuts
     D:1: 537 daAuts
     D:3: 503 daAuts
 Abyss:2: 169 daAuts
  Temple: 153 daAuts
     D:9: 100 daAuts
